 Dungeon Crawl Stone Soup version 0.18-b1-10-g3f7de93 (webtiles) character file.

17851 RudyRod the Thaumaturge (level 12, -10/83 HPs)
             Began as a Demonspawn Fire Elementalist on Apr 29, 2016.
             Was the Champion of Sif Muna.
             Killed from afar by a frost giant (37 damage)
             ... with a bolt of cold
             ... in an ice cave.
             The game lasted 02:07:47 (16779 turns).

RudyRod the Thaumaturge (DsFE)                     Turns: 16779, Time: 02:07:47

Health: -10/83     AC: 11    Str:  7    XL:     12   Next: 22%
Magic:  16/25      EV: 17    Int: 21    God:    Sif Muna [******]
Gold:   669        SH:  4    Dex: 19    Spells: 6 memorised, 7 levels left

rFire  . . .     SeeInvis .     y - +2 falchion "Jaost" {flame, rElec Dex+2} (curse)
rCold  . . .     Gourm    .     a - +2 robe
rNeg   + . .     Faith    .     (no shield)
rPois  .         Spirit   .     (no helmet)
rElec  +         Dismiss  .     B - +0 cloak
rCorr  .         Reflect  .     r - +0 pair of gloves
SustAt .         Harm     .     k - +0 pair of boots
MR     .....                    (no amulet)
Stlth  +++.......               J - +3 ring of dexterity
                                v - ring of wizardry

@: not resistant to hostile enchantments, fairly stealthy
A: hooves 1, large bone plates 3, negative energy resistance 1, powered by death
1, screaming 1, spiny 3, weak 1
a: Channel Energy, Forget Spell, Renounce Religion


You were in an ice cave.
You worshipped Sif Muna.
Sif Muna was exalted by your worship.
You were hungry.

You visited 2 branches of the dungeon, and saw 11 of its levels.
You also visited: Sewer and Ice Cave.

You collected 669 gold pieces.

Inventory:

Hand Weapons
 y - the cursed +2 falchion "Jaost" (weapon) {flame, rElec Dex+2}
   (You found it in a sewer)

   It has been specially enchanted to burn those struck by it, causing extra
   injury to most foes and up to half again as much damage against particularly
   susceptible opponents.
   Big, fiery blades are also staple armaments of hydra-hunters.
   It affects your dexterity (+2).
   It insulates you from electricity.
   It has a curse placed upon it.
 z - a +1 long sword
Missiles
 f - 3 throwing nets (quivered)
Armour
 a - a +2 robe (worn)
 k - a +0 pair of boots (worn)
 n - a +1 chain mail of magic resistance
 r - a +0 pair of gloves (worn)
 B - a +0 cloak (worn)
 L - a +2 leather armour of cold resistance
 N - a +2 pair of boots of flying
Jewellery
 v - a ring of wizardry (left hand)
 J - a +3 ring of dexterity (right hand)
 S - a cursed ring of loudness {unknown}
Wands
 t - a wand of slowing (47/48)
 I - a wand of digging (3/24)
 M - a wand of confusion (37/48)
 R - a wand of enslavement (16/24)
 W - a wand of random effects (27/48)
 X - a wand of paralysis (14/24)
Scrolls
 g - 2 scrolls of magic mapping
 h - 6 scrolls of teleportation
 A - 2 scrolls of enchant weapon
 H - a scroll of recharging
 K - a scroll of blinking
 T - a scroll of remove curse
 Y - a scroll of fear {unknown}
Potions
 d - a potion of degeneration {unknown}
 e - 4 potions of agility {unknown}
 j - a potion of lignification {unknown}
 m - 2 potions of haste
 o - 4 potions of curing {unknown}
 q - 2 potions of might
 s - 4 potions of brilliance {unknown}
 F - a potion of cancellation {unknown}
 Q - 2 potions of mutation {unknown}
 U - a potion of flight {unknown}
 Z - a potion of invisibility {unknown}
Books
 b - a book of Flames

   Spells                             Type                      Level
   a - Flame Tongue                   Conjuration/Fire             1
   b - Throw Flame                    Conjuration/Fire             2
   c - Conjure Flame                  Conjuration/Fire             3
   d - Inner Flame                    Hexes/Fire                   3
   e - Sticky Flame                   Conjuration/Fire             4
   f - Fireball                       Conjuration/Fire             5
 G - a book of Annihilations

   Spells                             Type                      Level
   a - Poison Arrow                   Conjuration/Poison           6
   b - Chain Lightning                Conjuration/Air              8
   c - Lehudib's Crystal Spear        Conjuration/Earth            8
   d - Glaciate                       Conjuration/Ice              9
   e - Fire Storm                     Conjuration/Fire             9
 V - Sif Muna's Guide on Moulding and Arcane Weapons
   (Sif Muna gifted it to you on level 1 of the Lair of Beasts)

   Spells                             Type                      Level
   a - Shock                          Conjuration/Air              1
   b - Magic Dart                     Conjuration                  1
   c - Stone Arrow                    Conjuration/Earth            3
   d - Dazzling Spray                 Conjuration/Hexes            3
   e - Iskenderun's Mystic Blast      Conjuration                  4
   f - Throw Icicle                   Conjuration/Ice              4
   g - Orb of Destruction             Conjuration                  7
Comestibles
 c - 6 bread rations
 i - 13 chunks of flesh
 l - 5 meat rations
 p - 3 beef jerkies
 E - 4 fruits
 P - a slice of pizza


   Skills:
 + Level 3.7 Fighting
 + Level 2.2 Long Blades
 + Level 7.0 Dodging
 + Level 4.0 Stealth
 + Level 9.3 Spellcasting
 + Level 9.2 Conjurations
 + Level 9.1 Fire Magic
 * Level 0.5 Ice Magic
 + Level 6.2 Poison Magic
 + Level 4.8 Invocations


You had 7 spell levels left.
You knew the following spells:

 Your Spells              Type           Power        Failure   Level  Hunger
a - Flame Tongue          Conj/Fire      #####        1%          1    None
b - Throw Flame           Conj/Fire      #####.       1%          2    None
c - Sticky Flame          Conj/Fire      #####...     1%          4    ##.....
d - Fireball              Conj/Fire      #####.....   1%          5    #####..
e - Poison Arrow          Conj/Pois      #####.....   21%         6    ######.
f - Throw Icicle          Conj/Ice       ####....     4%          4    ##.....


Dungeon Overview and Level Annotations

Branches:
Dungeon (10/15)            Temple (0/1) D:7            Lair (1/8) D:10
    Orc: D:9-12

Altars:
Ashenzari
Cheibriados
Dithmenos
Elyvilon
Kikubaaqudgha
Makhleb
Nemelex Xobeh
Pakellas
Qazlal
Sif Muna
Vehumet
Xom
Yredelemnul
Zin


Innate Abilities, Weirdness & Mutations

You have large cloven feet.
You are completely covered in large bone plates (AC +4, SH +4).
You resist negative energy.
You regenerate a little health from kills.
You are completely covered in sharp spines.
You occasionally shout uncontrollably at your foes.
You are weak. (Str -2)


Message History

The frost giant is covered in liquid flames!
The frost giant burns!
The frost giant casts a spell at you. The bolt of cold misses you.
Casting: Sticky Flame
Confirm with . or Enter, or press ? or * to list all spells.
Aiming: Poison Arrow
Press: ? - help, Shift-Dir - straight line, f/p - frost giant
Aim: a frost giant, wielding a battleaxe of freezing (lightly wounded, covered in liquid flames)
The poison arrow hits the frost giant.
The frost giant is poisoned.
The frost giant is heavily wounded.
You are feeling hungry.
The frost giant burns!
The frost giant casts a spell at you. The bolt of cold hits you!
The frost giant burns!
The frost giant burns!
The frost giant points at you and mumbles some strange words.
The bolt of cold hits you!
You die...

##.....## ###..
####...## ###
##...#### #
###....#######
###...#....#### ###
###....##...#
##C###### #########..
###.#.#...## ###...#
#.†###@..⌠.# ##....##
###.h###.#.#####...[##
#h.Y##..#####.....###
#.CY###..####.....##


#.hhY ##...#....### ##... ###...#### ###. ##### $. }# You could see a frost
giant (burning).

Vanquished Creatures
  An unseen horror (D:10)
  An ugly thing (D:9)
  An oklob plant (D:7)
  A spiny frog (Lair:1)
  2 black mambas (Lair:1)
  An ice statue (IceCv)
  A komodo dragon (D:7)
  10 polar bears (IceCv)
  The ghost of ThereIsNoGod the Insei, an amateur DsGl (D:5)
  A blink frog (D:10)
  A shadow (D:9)
  A human (D:8)
  2 basilisks (D:10)
  27 yaks
  2 wyverns
  2 hungry ghosts
  3 hippogriffs
  A hog (D:8)
  The ghost of Friendofdean the Magician, an amateur DrWz (D:4)
  Menkaure (D:4)
  5 porcupines
  2 ice beasts
  2 orc warriors
  4 ogres
  2 sky beasts
  A phantom (D:7)
  14 wolves (IceCv)
  6 centaurs
  11 big kobolds
  5 giant frogs
  Blork the orc (D:5)
  2 scorpions
  5 killer bees (D:10)
  2 howler monkeys
  4 wights (D:8)
  5 crimson imps
  8 jellies (D:7)
  3 hounds
  8 orc priests
  A giant frog skeleton (D:6)
  5 orc wizards
  A centaur skeleton (D:7)
  2 iguanas
  5 worker ants
  14 sheep
  A killer bee zombie (D:7)
  4 gnolls (D:3)
  12 adders
  22 river rats
  12 white imps (Lair:1)
  11 oozes
  2 adder skeletons
  4 worms
  2 dart slugs
  2 giant geckos
  25 orcs
  12 bats
  10 giant cockroaches
  7 hobgoblins
  10 jackals
  4 quokkas
  3 ball pythons
  8 giant newts
  8 goblins
  A jackal skeleton (D:4)
  A jackal zombie (D:7)
  33 kobolds
  A quokka zombie (D:7)
  14 rats
  A fungus (D:7)
389 creatures vanquished.

Vanquished Creatures (others)
  9 fungi
  3 plants (D:10)
12 creatures vanquished.

Grand Total: 401 creatures vanquished

Notes
Turn   | Place    | Note
--------------------------------------------------------------
     0 | D:1      | RudyRod the Demonspawn Fire Elementalist began the quest for the Orb.
     0 | D:1      | Reached XP level 1. HP: 13/13 MP: 3/3
   402 | D:1      | Gained mutation: You have large cloven feet. [demonic ancestry]
   402 | D:1      | Reached XP level 2. HP: 19/19 MP: 3/5
  1411 | D:1      | Reached XP level 3. HP: 24/24 MP: 6/6
  2632 | D:2      | Found a glowing silver altar of Zin.
  2632 | D:2      | Noticed an angel
  2651 | D:2      | Found a shimmering altar of Xom.
  2915 | D:2      | Reached XP level 4. HP: 31/31 MP: 5/7
  3301 | D:3      | Learned a level 2 spell: Throw Flame
  3838 | D:3      | Reached skill level 1 in Fighting
  4123 | D:3      | Found a snail-covered altar of Cheibriados.
  4510 | D:3      | Gained mutation: You are partially covered in large bone plates (AC +2, SH +2). [demonic ancestry]
  4510 | D:3      | Reached XP level 5. HP: 29/37 MP: 0/9
  4857 | D:4      | Noticed Friendofdean's ghost (amateur DrWz)
  5697 | D:4      | Found a shadowy altar of Dithmenos.
  5711 | D:4      | Noticed Menkaure
  6273 | D:4      | Killed Menkaure
  6273 | D:4      | Gained mutation: You are mostly covered in large bone plates (AC +3, SH +3). [demonic ancestry]
  6273 | D:4      | Reached XP level 6. HP: 12/43 MP: 3/11
  6723 | D:5      | Entered Level 5 of the Dungeon
  6887 | D:5      | Found a glowing drain.
  6891 | Sewer    | Entered a sewer
  7184 | Sewer    | Gained mutation: You are partially covered in sharp spines. [demonic ancestry]
  7184 | Sewer    | Reached XP level 7. HP: 44/48 MP: 4/12
  7419 | Sewer    | Got a translucent falchion
  7420 | Sewer    | Identified the cursed +2 falchion "Jaost" {flame, rElec Dex+2} (You found it in a sewer)
  7491 | D:5      | Found a stormy altar of Qazlal.
  7537 | D:5      | Found a deep blue altar of Sif Muna.
  7545 | D:5      | Became a worshipper of Sif Muna the Loreminder
  7574 | D:5      | Noticed ThereIsNoGod's ghost (amateur DsGl)
  7615 | D:5      | Killed ThereIsNoGod's ghost
  7615 | D:5      | Reached skill level 5 in Fire Magic
  7956 | D:4      | Killed Friendofdean's ghost
  8046 | D:5      | Gained mutation: You are mostly covered in sharp spines. [demonic ancestry]
  8046 | D:5      | Reached XP level 8. HP: 54/55 MP: 7/15
  8289 | D:5      | Noticed Blork the orc
  8299 | D:5      | Killed Blork the orc
  8331 | D:5      | Learned a level 4 spell: Sticky Flame
  8385 | D:5      | Found a shadowy altar of Dithmenos.
  8426 | D:5      | Reached * piety under Sif Muna
  8612 | D:5      | Found a sparkling altar of Nemelex Xobeh.
  8634 | D:5      | Reached skill level 5 in Spellcasting
  8642 | D:5      | Reached skill level 5 in Conjurations
  8908 | D:6      | Reached skill level 1 in Long Blades
  9024 | D:6      | Reached ** piety under Sif Muna
  9631 | D:6      | Gained mutation: You regenerate a little health from kills. [demonic ancestry]
  9631 | D:6      | Reached XP level 9. HP: 59/61 MP: 7/18
 10144 | D:6      | Reached skill level 1 in Invocations
 10156 | D:6      | Found an oddly glowing altar of Pakellas.
 10280 | D:7      | Learned a level 5 spell: Fireball
 10303 | D:7      | Found a staircase to the Ecumenical Temple.
 10590 | D:7      | Learned a level 6 spell: Poison Arrow
 10711 | D:7      | Reached *** piety under Sif Muna
 10792 | D:7      | Reached skill level 1 in Poison Magic
 10939 | D:7      | Noticed a komodo dragon
 10965 | D:7      | Killed a komodo dragon
 11266 | D:7      | Noticed an oklob plant
 11306 | D:7      | Gained mutation: You are completely covered in sharp spines. [demonic ancestry]
 11306 | D:7      | Reached XP level 10. HP: 68/68 MP: 2/20
 11639 | D:7      | Killed an oklob plant
 11639 | D:7      | Reached skill level 5 in Dodging
 11879 | D:7      | Reached **** piety under Sif Muna
 12518 | D:8      | Found a shattered altar of Ashenzari.
 12598 | D:8      | Found a basalt altar of Yredelemnul.
 13127 | D:8      | Found an ancient bone altar of Kikubaaqudgha.
 13249 | D:8      | Found a white marble altar of Elyvilon.
 13312 | D:8      | Reached ***** piety under Sif Muna
 13473 | D:8      | Found a radiant altar of Vehumet.
 14080 | D:9      | Found a burning altar of Makhleb.
 14277 | D:9      | Noticed a green ugly thing
 14286 | D:9      | Killed a green ugly thing
 14297 | D:9      | Gained mutation: You occasionally shout uncontrollably at your foes. [mutagenic meat]
 14298 | D:9      | Gained mutation: You are weak. (Str -2) [mutagenic meat]
 14636 | D:9      | Gained mutation: You resist negative energy. [demonic ancestry]
 14636 | D:9      | Reached XP level 11. HP: 70/74 MP: 11/23
 14828 | D:10     | Entered Level 10 of the Dungeon
 14896 | D:10     | Killed an unseen horror
 15128 | D:10     | Reached skill level 5 in Poison Magic
 15222 | D:10     | Found a staircase to the Lair.
 15285 | Lair:1   | Entered Level 1 of the Lair of Beasts
 15328 | Lair:1   | Reached ****** piety under Sif Muna
 15429 | Lair:1   | Received a gift from Sif Muna
 15433 | Lair:1   | Identified Sif Muna's Guide on Moulding and Arcane Weapons (Sif Muna gifted it to you on level 1 of the Lair of Beasts)
 15439 | Lair:1   | Learned a level 4 spell: Throw Icicle
 15508 | Lair:1   | Found a frozen archway.
 15531 | IceCv    | Entered an ice cave
 16103 | IceCv    | Gained mutation: You are completely covered in large bone plates (AC +4, SH +4). [demonic ancestry]
 16103 | IceCv    | Reached XP level 12. HP: 81/81 MP: 23/25
 16242 | IceCv    | HP: 4/81 [something (21)]
 16757 | IceCv    | Noticed a frost giant
 16779 | IceCv    | Killed from afar by a frost giant

Skill      XL: |  1  2  3  4  5  6  7  8  9 10 11 12 |
---------------+-------------------------------------+-----
Fire Magic     | 3 4 5 6 7 8 9 |  9.1
Dodging        | 2 3 4 5 6 7 |  7.0
Fighting       | 1 2 3 |  3.7
Conjurations   | 2 3 4 5 6 7 8 9 |  9.2
Stealth        | 2 3 4 |  4.0
Spellcasting   | 3 4 6 7 8 9 |  9.3
Long Blades    | 1 2 |  2.2
Invocations    | 1 2 4 |  4.8
Poison Magic   | 2 4 6 |  6.2
Ice Magic      | |  0.5

Action                   |  1- 3 |  4- 6 |  7- 9 | 10-12 || total
-------------------------+-------+-------+-------+-------++-------
Melee: Unarmed           |     1 |       |       |       ||     1
       Club              |    12 |    25 |       |       ||    37
       Kick              |     2 |       |       |       ||     2
       Long sword        |       |    54 |     2 |       ||    56
       Falchion          |       |       |    23 |   192 ||   215
 Cast: Flame Tongue      |    83 |   132 |   143 |   133 ||   491
       Throw Flame       |       |    30 |    44 |    58 ||   132
       Sticky Flame      |       |       |    13 |    49 ||    62
       Fireball          |       |       |     4 |    32 ||    36
       Poison Arrow      |       |       |       |     7 ||     7
Invok: Channel Energy    |       |       |     2 |    45 ||    47
  Use: Scroll            |       |     8 |     4 |     5 ||    17
       Potion            |       |       |     2 |     2 ||     4
  Eat: Chunk             |     3 |     9 |     7 |    20 ||    39
       Bread ration      |     1 |     1 |     1 |     3 ||     6
       Pizza             |       |     1 |       |     6 ||     7
       Meat ration       |       |       |     1 |       ||     1
       Fruit             |       |       |     1 |     1 ||     2
Armor: Robe              |     7 |    39 |    26 |    88 ||   160
Dodge: Dodged            |    37 |   101 |    48 |   194 ||   380
Block: Other             |       |     6 |    14 |    41 ||    61
